[Event "Team 45 45 League T61"]
[Site "Internet Chess Club"]
[Date "2014.07.05"]
[Round "6"]
[White "Iletrado"]
[Black "Chess-Boy"]
[Result "1-0"]
[WhiteElo "1844"]
[BlackElo "1643"]
[Opening "QGD: Tarrasch, Prague variation"]
[ECO "D33"]
[Time "08:00:26"]
[TimeControl "2700+45"]

1. d4 Nf6 2. Nf3 d5 3. c4 e6 4. Nc3 c5 5. cxd5 exd5 6. g3 Nc6 7. Bg2 Be6 8. O-O
Be7 9. dxc5 Bxc5 10. Ng5 O-O 11. Qb3 Qd7 12. Bf4 h6 13. Nxe6 fxe6 14. Rac1 b6
15. e4 d4 16. Na4 Be7 17. Bh3 Kf7 18. Bxe6+ Qxe6 19. Qxe6+ Kxe6 20. Rxc6+ Kf7
21. Rc7 Rfc8 22. Rb7 g5 23. Bd6 Ng8 24. f4 Ke8 25. Bxe7 Nxe7 26. Rd1 Rd8 27. Kf2
Rac8 28. Rd2 Nc6 29. Rh7 gxf4 30. gxf4 Rd6 31. e5 Rg6 32. Rc2 d3 33. Rd2 Rg4 34.
Kf3 Rh4 35. Rh8+ Kd7 36. Rxd3+ Kc7 37. Rxc8+ Kxc8 38. Kg3 Rh5 39. Nc3 {Black
resigns} 1-0

[Event "Team 45 45 League T61"]
[Site "Internet Chess Club"]
[Date "2014.07.06"]
[Round "6"]
[White "edwspin"]
[Black "drsigmund1"]
[Result "1-0"]
[WhiteElo "1592"]
[BlackElo "1561"]
[Opening "Queen's pawn: Keres defense"]
[ECO "A40"]
[Time "14:00:27"]
[TimeControl "2700+45"]

1. d4 e6 2. c4 b6 3. Nc3 Bb7 4. e4 Bb4 5. Bd3 f5 6. Qh5+ g6 7. Qe2 Nf6 8. f3
fxe4 9. fxe4 Nxe4 10. Bd2 Nxd2 11. Kxd2 Qg5+ 12. Kc2 Bxc3 13. bxc3 Qxg2 14. d5
O-O 15. Qxg2 {Black resigns} 1-0

[Event "Team 45 45 League T61"]
[Site "Internet Chess Club"]
[Date "2014.07.07"]
[Round "6"]
[White "CaptK"]
[Black "ElMarginal"]
[Result "1-0"]
[WhiteElo "1677"]
[BlackElo "1508"]
[Opening "Dutch"]
[ECO "A80"]
[Time "19:02:29"]
[TimeControl "2700+45"]

1. d4 f5 2. Nf3 Nf6 3. c4 e6 4. Nc3 a6 5. Bf4 Be7 6. e3 Nc6 7. d5 Nb8 8. Be2 O-O
9. O-O d6 10. h3 e5 11. Bh2 Nbd7 12. Qc2 Nc5 13. b4 Nce4 14. Nd2 Nxc3 15. Qxc3
Bd7 16. Bd3 Nh5 17. Qc2 e4 18. Be2 Qe8 19. g4 fxg4 20. hxg4 Qg6 21. Qxe4 Qxe4
22. Nxe4 Nf6 23. Nxf6+ Rxf6 24. f4 Bxg4 25. Bxg4 Rg6 26. Kf2 Rxg4 27. Kf3 Rg6
28. Rg1 Rxg1 29. Rxg1 Rf8 30. Ke4 g6 31. a4 Bh4 32. Bg3 Bf6 33. b5 axb5 34. axb5
Kf7 35. Rh1 Re8+ 36. Kd3 h5 37. Bh4 Ra8 38. Bxf6 Kxf6 39. Rb1 Ra3+ 40. Ke4 b6
41. Rf1 Ra4 42. Kd4 h4 43. Rg1 Ra2 44. Rg4 Rh2 45. e4 Rh3 46. Rg5 Rg3 47. Rxg3
hxg3 48. Ke3 g2 49. Kf2 g1=Q+ 50. Kxg1 g5 51. f5 Ke5 52. Kf2 Kxe4 53. f6 Kd4 54.
f7 Kxc4 55. f8=Q Kxd5 56. Qe7 Kc4 57. Qxc7+ Kxb5 58. Qxd6 {Black resigns} 1-0

[Event "Team 45 45 League T61"]
[Site "Internet Chess Club"]
[Date "2014.07.04"]
[Round "6"]
[White "justice02"]
[Black "noblitz-oblige"]
[Result "1-0"]
[WhiteElo "1771"]
[BlackElo "1642"]
[Opening "Scotch gambit: Benima defense"]
[ECO "C44"]
[Time "09:00:23"]
[TimeControl "2700+45"]

1. e4 e5 2. Nf3 Nc6 3. d4 exd4 4. Bc4 Be7 5. Nxd4 Ne5 6. Be2 d6 7. Nc3 Nf6 8.
Bg5 c6 9. f3 Ng6 10. Qd2 h6 11. Be3 d5 12. exd5 Nxd5 13. Nxd5 Qxd5 14. Nb3 Be6
15. Qxd5 Bxd5 16. O-O O-O 17. Kh1 Rfe8 18. c4 Bf6 19. Bd4 Rxe2 20. cxd5 cxd5 21.
Bxf6 gxf6 22. Rab1 Nf4 23. g3 Nd3 24. Nd4 Rd2 25. a3 Nf2+ 26. Kg2 Ng4+ 27. Kh3
Nxh2 28. Rfd1 Nf1 29. Rxd2 Nxd2 30. Rd1 Nc4 31. Nf5 Rd8 32. Nxh6+ Kh7 33. Nf5
Kg6 34. Ne7+ Kg7 35. Nf5+ Kg6 36. Ne7+ Kh7 37. Rd4 f5 38. Nxd5 Rc8 39. Rf4 Kg7
40. Kh4 f6 41. Rxf5 Rh8+ 42. Kg4 Rh6 43. Rf4 Ne5+ 44. Kf5 Nf7 45. Rg4+ Kf8 46.
Nxf6 Nd6+ 47. Ke6 Ne8 48. Rg8# {Black checkmated} 1-0

[Event "Team 45 45 League T61"]
[Site "Internet Chess Club"]
[Date "2014.07.04"]
[Round "6"]
[White "Beefstick"]
[Black "Grenadier"]
[Result "1-0"]
[WhiteElo "1603"]
[BlackElo "1601"]
[Opening "Caro-Kann: Steinitz variation"]
[ECO "B17"]
[Time "14:00:30"]
[TimeControl "2700+45"]

1. e4 c6 2. d4 d5 3. Nc3 dxe4 4. Nxe4 Nd7 5. Nf3 Ngf6 6. Ng3 c5 7. c3 e6 8. Bd3
Be7 9. O-O O-O 10. Qc2 cxd4 11. Nxd4 Ne5 12. Be2 b6 13. f4 Ng6 14. f5 exf5 15.
Ngxf5 Bc5 16. Kh1 Bb7 17. Bg5 Rc8 18. Nh6+ Kh8 19. Qf5 Qd5 20. Bf3 Qxf5 21.
Ndxf5 Bxf3 22. Rxf3 Ne4 23. Be3 Bxe3 24. Rxe3 Nf6 25. Nxf7+ Kg8 26. N7d6 Rc5 27.
h3 Nd5 28. Rg3 Ndf4 29. Nd4 Rd5 30. Nc4 Re8 31. Re3 Rxe3 32. Nxe3 Re5 33. Ng4
Re4 34. Kh2 Nd3 35. b4 h5 36. Rd1 hxg4 37. Rxd3 Nf4 38. Rg3 gxh3 39. gxh3 Ne2
40. Nxe2 Rxe2+ 41. Rg2 Re3 42. Rc2 Kf7 43. c4 Ke6 44. Rg2 Kf6 45. Rc2 g5 46. c5
bxc5 47. bxc5 Re8 48. c6 Rc8 49. c7 Ke6 50. Kg3 Kf5 51. Rc5+ Kg6 52. Kg4 Kf6 53.
Rc6+ Ke7 54. Kxg5 Kd7 55. Rc1 Rg8+ 56. Kf5 Rf8+ 57. Ke5 Kc8 58. Ke6 Rh8 59. Rc3
Rh6+ 60. Kf5 Ra6 61. a3 Ra4 62. Kg5 Ra5+ 63. Kf4 Rh5 64. Kg4 Ra5 65. h4 Ra4+ 66.
Kg5 Ra5+ 67. Kg6 Ra6+ 68. Kg7 Ra4 69. h5 Rg4+ 70. Kf6 Rh4 71. Kg5 Rh1 72. h6
Rg1+ 73. Kf4 Rh1 74. Kg5 Rg1+ 75. Kf5 Rh1 76. Rc6 Rf1+ 77. Kg4 Rg1+ 78. Kf3 Rh1
79. Kg2 Rh5 80. Kf3 Rh3+ 81. Kg4 Rh1 82. Kf5 Rf1+ 83. Kg6 Rg1+ 84. Kf7 Rf1+ 85.
Kg7 Rg1+ 86. Rg6 Rc1 87. h7 Rxc7+ 88. Kh6 Rxh7+ 89. Kxh7 Kb7 90. Kg7 a5 91. Kf7
Ka7 92. Ke7 Kb7 93. Kd7 Kb8 94. Rc6 Kb7 95. a4 Ka7 96. Kc7 Ka8 97. Ra6# {Black
checkmated} 1-0

[Event "Team 45 45 League T61"]
[Site "Internet Chess Club"]
[Date "2014.07.07"]
[Round "6"]
[White "GoIrish"]
[Black "leopardc"]
[Result "0-1"]
[WhiteElo "1636"]
[BlackElo "1623"]
[Opening "Réti opening"]
[ECO "A04"]
[Time "20:11:37"]
[TimeControl "2700+45"]

1. Nf3 c5 2. g3 Nc6 3. Bg2 g6 4. O-O Bg7 5. d3 e5 6. e4 Nge7 7. Nc3 Nd4 8. Nxd4
exd4 9. Ne2 Nc6 10. Bd2 d6 11. Rb1 O-O 12. f4 f5 13. b4 Qc7 14. bxc5 dxc5 15. e5
Be6 16. a3 Rab8 17. Kh1 c4 18. Bb4 Nxb4 19. Rxb4 Rfd8 20. Qb1 b6 21. Qa1 Bf8 22.
Rbb1 Bc5 23. Rbd1 Qe7 24. Rfe1 c3 25. Nxc3 dxc3 26. Qxc3 Bxa3 27. Qa1 Bb4 28. c3
Ba5 29. d4 Bb3 30. Rb1 Qe6 31. Qb2 Ba4 32. Qd2 Bc6 33. d5 Bxd5 34. Bxd5 Rxd5 35.
Qa2 Bxc3 36. Rf1 Ba5 37. Rbd1 Rbd8 38. Qb3 Kf7 39. g4 b5 40. gxf5 gxf5 41. Qf3
Rxd1 42. Rxd1 Rxd1+ 43. Qxd1 Qc6+ 44. Kg1 Bb6+ 45. Kf1 Qh1+ 46. Ke2 Qxd1+ 47.
Kxd1 a5 48. Kc2 Be3 {White resigns} 0-1

[Event "Team 45 45 League T61"]
[Site "Internet Chess Club"]
[Date "2014.07.04"]
[Round "6"]
[White "semperfi"]
[Black "zepled37"]
[Result "0-1"]
[WhiteElo "1345"]
[BlackElo "1595"]
[Opening "Queen's pawn game"]
[ECO "D05"]
[Time "14:03:29"]
[TimeControl "2700+45"]

1. d4 d5 2. Nf3 e6 3. e3 Nf6 4. Bd3 b6 5. Nbd2 Bb7 6. O-O c5 7. c3 Nbd7 8. Qe2
Be7 9. e4 dxe4 10. Nxe4 O-O 11. Re1 Qc7 12. b3 cxd4 13. cxd4 Nxe4 14. Bxe4 Bxe4
15. Qxe4 Nf6 16. Qd3 h6 17. Bb2 Rfd8 18. Rac1 Qb7 19. h3 Rac8 20. Rxc8 Rxc8 21.
Ne5 Qd5 22. Qf3 Qxf3 23. gxf3 Rc2 24. Rb1 Nd5 25. Nd3 Rd2 26. Ne5 Bf6 27. a4 Nf4
28. Ng4 Bxd4 29. Bxd4 Rxd4 30. h4 Rd3 31. Ne3 h5 32. b4 g6 33. b5 Kg7 34. Rb4
Nd5 35. Re4 Kf6 36. Nxd5+ Rxd5 37. f4 Ke7 38. Re5 f6 39. Rxd5 exd5 40. Kf1 g5
41. fxg5 fxg5 42. hxg5 h4 43. f4 d4 44. g6 d3 45. f5 d2 46. Ke2 h3 47. g7 Kf7
48. Kxd2 h2 49. g8=Q+ Kxg8 50. Ke3 h1=Q 51. Kf4 Qh4+ 52. Ke5 Qxa4 53. f6 Qxb5+
54. Ke6 a5 55. f7+ Kf8 56. Kf6 a4 57. Ke6 a3 58. Kf6 a2 59. Ke6 Qf1 {White
resigns} 0-1

[Event "Team 45 45 League T61"]
[Site "Internet Chess Club"]
[Date "2014.07.04"]
[Round "6"]
[White "Buford-Julep"]
[Black "tornado100"]
[Result "1/2-1/2"]
[WhiteElo "1709"]
[BlackElo "1451"]
[Opening "English: symmetrical, four knights system"]
[ECO "A30"]
[Time "10:30:30"]
[TimeControl "2700+45"]

1. c4 c5 2. Nf3 Nc6 3. Nc3 Nf6 4. d4 cxd4 5. Nxd4 g6 6. g3 Bg7 7. Bg2 O-O 8. O-O
Ne8 9. Nxc6 bxc6 10. Bxc6 Rb8 11. Bg2 Qc7 12. Qd3 d6 13. b3 Be6 14. Bd2 Qd7 15.
Rac1 Nc7 16. Rfd1 Na6 17. Be3 Rfc8 18. Bd4 f6 19. Qd2 Bf7 20. Nb5 Nc5 21. Qa5 a6
22. Nc3 Qc7 23. Qxc7 Rxc7 24. Nd5 Bxd5 25. Bxd5+ Kf8 26. f3 a5 27. f4 f5 28.
Bxg7+ Kxg7 29. Rb1 Na6 30. a3 Kf6 31. Kf2 Rcc8 32. Rdc1 Rb6 33. Ke3 Rcb8 34. Rc3
Nc5 35. b4 axb4 36. axb4 Rxb4 37. Rxb4 Rxb4 38. h3 e6 39. Bf3 Na4 40. Rc2 Nc5
{Game drawn by mutual agreement} 1/2-1/2

[Event "Team 45 45 League T61"]
[Site "Internet Chess Club"]
[Date "2014.07.04"]
[Round "6"]
[White "wildcat2023"]
[Black "bayoumicardio10"]
[Result "0-1"]
[WhiteElo "1447"]
[BlackElo "1546"]
[Opening "Pirc: classical (two knights) system"]
[ECO "B08"]
[Time "17:01:50"]
[TimeControl "2700+45"]

1. e4 d6 2. d4 Nf6 3. Nc3 g6 4. Nf3 Bg7 5. Be3 c6 6. Qd2 b5 7. a3 Ng4 8. Be2
Nxe3 9. Qxe3 Nd7 10. O-O-O a6 11. e5 d5 12. Rhe1 Nb6 13. b3 Bf5 14. Kb2 a5 15.
Ra1 a4 16. Bd3 Bxd3 17. Qxd3 axb3 18. cxb3 Nd7 19. b4 Nb6 20. e6 Nc4+ 21. Kb3 f5
22. Ng5 O-O 23. h4 h6 24. Nf7 Rxf7 25. exf7+ Kxf7 26. f4 e6 27. Qe2 Qf6 28. g3
Nd6 29. g4 Ne4 30. Nxe4 dxe4 31. Qf2 Rd8 32. Rac1 Rxd4 33. Rxc6 Rd3+ 34. Ka2 e3
35. Qe2 Rd2+ 36. Kb3 Qb2# {White checkmated} 0-1

[Event "Team 45 45 League T61"]
[Site "Internet Chess Club"]
[Date "2014.07.07"]
[Round "6"]
[White "pauliewoll"]
[Black "Littlemon"]
[Result "1-0"]
[WhiteElo "1570"]
[BlackElo "1504"]
[Opening "Four knights: Spanish variation"]
[ECO "C48"]
[Time "16:01:06"]
[TimeControl "2700+45"]

1. e4 e5 2. Nf3 Nc6 3. Nc3 Nf6 4. Bb5 d6 5. d4 exd4 6. Nxd4 Bd7 7. O-O Nxd4 8.
Bxd7+ Qxd7 9. Qxd4 Be7 10. Bg5 h6 11. Bxf6 Bxf6 12. Qd5 O-O-O 13. a4 g5 14. a5
a6 15. Na4 Rdg8 16. Qc4 Kb8 17. Rfd1 Qe6 18. Qe2 h5 19. c4 Qe5 20. Qe1 g4 21.
Rd5 Qe8 22. Rf5 Qe6 23. c5 Rg5 24. cxd6 Rxf5 25. dxc7+ Kxc7 26. exf5 Qxf5 27.
Qb4 Rd8 28. Rc1+ Kb8 29. Nc5 Qd5 30. Nxa6+ Ka7 31. Qb6+ Ka8 32. Nc7+ Kb8 33.
Nxd5 Rxd5 34. a6 Rd7 35. a7+ Ka8 36. Rc8# {Black checkmated} 1-0

[Event "Team 45 45 League T61"]
[Site "Internet Chess Club"]
[Date "2014.07.03"]
[Round "6"]
[White "Nxs123"]
[Black "SirIvanhoe"]
[Result "1/2-1/2"]
[WhiteElo "1608"]
[BlackElo "1696"]
[Opening "Caro-Kann: exchange variation"]
[ECO "B13"]
[Time "13:02:45"]
[TimeControl "2700+45"]

1. e4 c6 2. d4 d5 3. exd5 cxd5 4. Bd3 Nc6 5. c3 Qc7 6. Nf3 Nf6 7. O-O Bg4 8. h3
Bh5 9. Re1 e6 10. Nbd2 Bd6 11. Qc2 Rc8 12. Qa4 O-O 13. Bb5 a6 14. Bxc6 Qxc6 15.
Qxc6 Rxc6 16. Ne5 Rcc8 17. Ndf3 Rfd8 18. Bg5 Be7 19. g4 Bg6 20. Nxg6 hxg6 21.
Ne5 Kf8 22. f3 Bd6 23. Bf4 Be7 24. Bg5 Nd7 25. Bxe7+ Kxe7 26. Nxd7 Kxd7 27. f4
b5 28. a3 Rb8 29. Re2 Rdc8 30. f5 gxf5 31. gxf5 Rh8 32. fxe6+ fxe6 33. Kg2 Rbf8
34. Rae1 Rf6 35. Re3 Rhf8 36. R1e2 Rg6+ 37. Rg3 Rff6 38. Re3 Ke7 39. Rf3 Rxg3+
40. Kxg3 Rg6+ 41. Kf2 Rf6 42. Ke3 Rxf3+ 43. Kxf3 Kf6 44. Kf4 g5+ 45. Kg4 Kg6 46.
b4 Kf6 47. Kg3 Kf5 48. Kf3 e5 49. dxe5 Kxe5 50. Kg4 Kf6 51. Kf3 Kf5 52. Ke3 Ke5
53. Kf3 Kf5 {Game drawn by mutual agreement} 1/2-1/2

[Event "Team 45 45 League T61"]
[Site "Internet Chess Club"]
[Date "2014.07.11"]
[Round "6"]
[White "pokerram"]
[Black "Bleddyn"]
[Result "1/2-1/2"]
[WhiteElo "1645"]
[BlackElo "1657"]
[Opening "Ruy Lopez: Berlin defense"]
[ECO "C65"]
[Time "13:00:11"]
[TimeControl "2700+45"]

1. e4 e5 2. Nf3 Nc6 3. Bb5 Nf6 4. d3 Bc5 5. c3 O-O 6. O-O d6 7. Bxc6 bxc6 8. d4
exd4 9. cxd4 Bb6 10. Bg5 h6 11. Bxf6 Qxf6 12. e5 Qe7 13. Re1 Bg4 14. Qa4 Bxf3
15. gxf3 Qg5+ 16. Kh1 dxe5 17. dxe5 Bxf2 18. Rf1 Bb6 19. f4 Qg4 20. Qxc6 Qe2 21.
Qg2 Qxg2+ 22. Kxg2 Rad8 23. a4 a5 {Game drawn by mutual agreement} 1/2-1/2

[Event "Team 45 45 League T61"]
[Site "Internet Chess Club"]
[Date "2014.07.13"]
[Round "6"]
[White "kutch"]
[Black "DaveTheRook"]
[Result "0-1"]
[WhiteElo "1472"]
[BlackElo "1622"]
[Opening "King's Indian defense, 3.Nc3"]
[ECO "E61"]
[Time "19:30:17"]
[TimeControl "2700+45"]

1. d4 Nf6 2. c4 g6 3. Nc3 d6 4. e4 Nbd7 5. Nf3 Bg7 6. h3 c6 7. Be2 O-O 8. O-O a6
9. Be3 Qc7 10. Qd2 e5 11. d5 c5 12. a3 Ne8 13. Bh6 Nef6 14. Bxg7 Kxg7 15. Nh2
Nb6 16. f4 exf4 17. Qxf4 Qe7 18. Rf2 Qe5 19. Raf1 Qxf4 20. Rxf4 Ng8 21. b3 Bd7
22. Nd1 Rae8 23. Bg4 Re7 24. Bxd7 Nxd7 25. Nf3 h6 26. Nd2 Ngf6 27. Re1 Ne5 28.
Nf2 Nh5 29. Rh4 Nf6 30. Rf4 Nh5 31. Rh4 Ng3 32. Re3 Nh5 33. Ng4 Rfe8 34. Nxe5
Rxe5 35. Rg4 Nf6 36. Rf4 g5 37. Rff3 Nxe4 38. Nxe4 Rxe4 39. Rxe4 Rxe4 40. Kf2
Kg6 41. Re3 Rxe3 42. Kxe3 f5 43. b4 b6 44. a4 cxb4 45. a5 bxa5 {White resigns}
0-1

[Event "Team 45 45 League T61"]
[Site "Internet Chess Club"]
[Date "2014.07.03"]
[Round "6"]
[White "idjit"]
[Black "seattleblues"]
[Result "1/2-1/2"]
[WhiteElo "1691"]
[BlackElo "1447"]
[Opening "Caro-Kann: classical, Spassky variation"]
[ECO "B19"]
[Time "21:32:27"]
[TimeControl "2700+45"]

1. e4 c6 2. d4 d5 3. Nc3 dxe4 4. Nxe4 Bf5 5. Ng3 Bg6 6. h4 h6 7. Nf3 Nd7 8. h5
Bh7 9. Bd3 Bxd3 10. Qxd3 Ngf6 11. Bd2 e6 12. O-O-O c5 13. Rhe1 Be7 14. dxc5 Nxc5
15. Qc4 O-O 16. Bxh6 Qb6 17. Bxg7 Kxg7 18. Qh4 Qc7 19. h6+ Kh8 20. Ne5 Nfe4 21.
Qg4 Qxe5 22. Nxe4 Nxe4 23. Rxe4 Bg5+ 24. Kb1 Qf6 25. Rh1 Rg8 26. h7 Rg7 27. Qh5
Rg6 28. Rg4 Rd8 29. a3 Rd5 30. f3 Rb5 31. b4 Rd5 32. Qh3 Qc3 33. f4 Qxh3 34.
Rxh3 Rd1+ 35. Ka2 Bf6 36. Rxg6 Ra1+ 37. Kb3 fxg6 38. Rh6 Bg7 39. Rxg6 Kxh7 40.
Rxe6 b5 41. g4 Rb1+ 42. Ka2 Rb2+ 43. Ka1 Rb3+ 44. Ka2 Rb2+ 45. Ka1 Rb3+ 46. Ka2
Rb2+ {Game drawn by repetition} 1/2-1/2

[Event "Team 45 45 League T61"]
[Site "Internet Chess Club"]
[Date "2014.07.05"]
[Round "6"]
[White "frank001"]
[Black "nidusin2"]
[Result "1-0"]
[WhiteElo "1755"]
[BlackElo "1622"]
[Opening "Nimzo-Indian: 4.e3 c5, 5.Ne2 (Rubinstein, anti-Hübner system)"]
[ECO "E42"]
[Time "02:18:50"]
[TimeControl "2700+45"]

1. d4 Nf6 2. c4 e6 3. Nc3 Bb4 4. e3 c5 5. Ne2 d5 6. cxd5 Nxd5 7. a3 Bxc3+ 8.
Nxc3 Nxc3 9. bxc3 O-O 10. Bd3 Nd7 11. O-O Nf6 12. a4 Qc7 13. Bb2 b6 14. e4 Bb7
15. e5 Nd5 16. Qg4 Ne7 17. Rfe1 cxd4 18. Ba3 Rfe8 19. cxd4 Nf5 20. Bxf5 exf5 21.
Qxf5 Re6 22. Rac1 Qd7 23. Bd6 Rg6 24. Qxd7 {Black resigns} 1-0

[Event "Team 45 45 League T61"]
[Site "Internet Chess Club"]
[Date "2014.07.06"]
[Round "6"]
[White "fireball"]
[Black "OneDirection"]
[Result "1-0"]
[WhiteElo "1721"]
[BlackElo "1513"]
[Opening "Sicilian: Smith-Morra gambit"]
[ECO "B21"]
[Time "16:02:51"]
[TimeControl "2700+45"]

1. e4 c5 2. d4 cxd4 3. c3 dxc3 4. Nxc3 d6 5. Bc4 e6 6. Nf3 a6 7. O-O b5 8. Bb3
Nf6 9. Qe2 Be7 10. Rd1 Qc7 11. Bf4 e5 12. Bg5 O-O 13. Rac1 Qb6 14. Nd5 Nxd5 15.
Bxd5 Bxg5 16. Nxg5 Bb7 17. Qh5 h6 18. Bxf7+ Kh8 19. Qg6 {Black resigns} 1-0

[Event "Team 45 45 League T61"]
[Site "Internet Chess Club"]
[Date "2014.07.06"]
[Round "6"]
[White "SALJOMA"]
[Black "Insan996"]
[Result "0-1"]
[WhiteElo "1448"]
[BlackElo "1581"]
[Opening "Nimzo-Indian: three knights variation"]
[ECO "E21"]
[Time "11:16:08"]
[TimeControl "2700+45"]

1. d4 Nf6 2. c4 e6 3. Nc3 Bb4 4. Nf3 c5 5. e3 O-O 6. Be2 b6 7. O-O Bb7 8. Nb5
cxd4 9. Nfxd4 a6 10. Nc3 Nc6 11. Nxc6 Bxc6 12. Bf3 Qc7 13. a3 Be7 14. Bxc6 Qxc6
15. b3 b5 16. Qe2 bxc4 17. Qxc4 Qxc4 18. bxc4 Rfc8 19. Na4 Rab8 20. Nb2 Ne4 21.
Rd1 Rb7 22. Rd4 Nc5 23. Rg4 Nb3 24. Rb1 Nxc1 25. Rxc1 Rxb2 26. Rd4 d5 27. h3 Ra2
28. Rcd1 Rxc4 29. Rxc4 dxc4 30. Rd7 Bf8 31. Rc7 Rxa3 32. Rxc4 Ra1+ 33. Kh2 a5
34. Kg3 f5 35. Kf4 Ra2 36. Kf3 Kf7 37. Rc7+ Kf6 38. Rc8 Bb4 39. Rh8 h6 40. Ra8
Be1 41. Rf8+ Ke7 42. Rg8 Kf7 43. Ra8 Bxf2 44. Kf4 Ra3 45. Ke5 Rxe3+ 46. Kf4 Ra3
47. Ke5 Bg3+ 48. Kd4 Kf6 49. Rf8+ Ke7 50. Rg8 Kf7 51. Rc8 Ra2 52. Rc7+ Kf6 53.
Ra7 Be1 54. Ke3 Rxg2 55. Kf3 Rg3+ 56. Kf4 Rxh3 57. Ra6 Bd2# {White checkmated}
0-1

[Event "Team 45 45 League T61"]
[Site "Internet Chess Club"]
[Date "2014.07.05"]
[Round "6"]
[White "Ajolote"]
[Black "Andressa"]
[Result "1-0"]
[WhiteElo "1491"]
[BlackElo "1481"]
[Opening "Ruy Lopez: old Steinitz defense"]
[ECO "C62"]
[Time "11:10:23"]
[TimeControl "2700+45"]

1. e4 e5 2. Nf3 Nc6 3. Bb5 d6 4. Nc3 Bd7 5. O-O Nf6 6. Re1 a6 7. Bxc6 bxc6 8. d3
Be7 9. Bd2 O-O 10. Qe2 Qb8 11. b3 Qb6 12. Qe3 Ng4 13. Qxb6 cxb6 14. h3 Nf6 15.
Be3 b5 16. a3 Bd8 17. b4 Bc7 18. Bg5 Bd8 19. Re2 h6 20. Be3 Re8 21. Rae1 a5 22.
Nd2 axb4 23. axb4 Bc7 24. Kf1 d5 25. exd5 cxd5 26. Bc5 Re6 27. Kg1 Bc6 28. Kf1
Nd7 29. Nb3 d4 30. Ne4 Bxe4 31. Rxe4 f5 32. R4e2 Rae8 33. Nxd4 Nxc5 34. bxc5 Rf6
35. Nxb5 Ba5 36. Rxe5 Rxe5 37. Rxe5 f4 38. Nd6 Rf8 39. Re8 Bc7 40. Rxf8+ Kxf8
41. Ke2 Ke7 42. Kf3 g5 43. Ke4 Ke6 44. d4 {Black resigns} 1-0

[Event "Team 45 45 League T61"]
[Site "Internet Chess Club"]
[Date "2014.07.06"]
[Round "6"]
[White "xwang1"]
[Black "CuatroPrincesas"]
[Result "1-0"]
[WhiteElo "2007"]
[BlackElo "2187"]
[Opening "Sicilian: Canal-Sokolsky (Nimzovich-Rossolimo, Moscow) attack"]
[ECO "B51"]
[Time "11:10:38"]
[TimeControl "2700+45"]

1. e4 c5 2. Nf3 d6 3. Bb5+ Nd7 4. c3 Nf6 5. Qe2 a6 6. Ba4 b5 7. Bc2 Bb7 8. O-O
g6 9. d4 Bg7 10. Nbd2 cxd4 11. cxd4 e5 12. Nb3 O-O 13. Bd2 exd4 14. Nfxd4 Re8
15. Be3 Nxe4 16. Rfd1 Ne5 17. a4 b4 18. Rac1 {Black resigns} 1-0

[Event "Team 45 45 League T61"]
[Site "Internet Chess Club"]
[Date "2014.07.13"]
[Round "6"]
[White "Pomberito"]
[Black "gump12345"]
[Result "1/2-1/2"]
[WhiteElo "2145"]
[BlackElo "2021"]
[Opening "Giuoco Piano"]
[ECO "C54"]
[Time "11:30:19"]
[TimeControl "2700+45"]

1. e4 e5 2. Nf3 Nc6 3. Bc4 Bc5 4. c3 Nf6 5. d4 exd4 6. cxd4 Bb4+ 7. Nbd2 Nxe4 8.
d5 Ne7 9. O-O Nxd2 10. Bxd2 Bxd2 11. d6 cxd6 12. Qxd2 O-O 13. Qxd6 Nf5 14. Qd3
d6 15. Rad1 Be6 16. Bd5 Qf6 17. Bxb7 Rab8 18. Be4 Rxb2 19. a4 Rb4 20. a5 Bc4 21.
Qa3 Rb3 22. Qa4 Bxf1 23. Qxb3 Be2 24. Re1 Bxf3 25. Qxf3 Re8 26. Rd1 Nh4 27. Qxf6
gxf6 28. f3 f5 29. Bd3 Kg7 30. Kf2 Kf6 31. Bc2 Rd8 32. Rd5 Rc8 33. Rxd6+ Ke7 34.
Rd2 Rc5 35. a6 Rc6 36. Bd3 Rd6 37. Re2+ Kf6 38. Bc4 Ng6 39. Rb2 Ne5 40. Be2 Rd7
41. Rb8 h6 42. Rh8 Kg7 43. Re8 Kf6 44. Rb8 Ng6 45. Rb7 Re7 46. Bd3 Ne5 47. Bb5
Ng6 48. g3 f4 49. Bd3 fxg3+ 50. hxg3 Nf8 51. Rb4 Ne6 52. Rh4 Kg7 53. Rg4+ Kf6
54. Rh4 Kg7 55. Rg4+ Kf6 56. Rh4 {Game drawn by repetition} 1/2-1/2

[Event "Team 45 45 League T61"]
[Site "Internet Chess Club"]
[Date "2014.07.06"]
[Round "6"]
[White "perikitosax"]
[Black "Goli"]
[Result "1-0"]
[WhiteElo "2000"]
[BlackElo "1805"]
[Opening "Benkö gambit accepted"]
[ECO "A58"]
[Time "15:06:22"]
[TimeControl "2700+45"]

1. d4 Nf6 2. c4 c5 3. d5 b5 4. cxb5 a6 5. bxa6 Bxa6 6. Nc3 d6 7. g3 g6 8. Bg2
Bg7 9. Nf3 O-O 10. O-O Nbd7 11. Rb1 Qa5 12. Bd2 Rfb8 13. Qc2 Qd8 14. b3 Nb6 15.
Nh4 Ra7 16. Rfe1 e6 17. dxe6 fxe6 18. a4 Bb7 19. Nb5 Raa8 20. Bf4 e5 21. Bg5
Bxg2 22. Nxg2 Qf8 23. Red1 Ne8 24. Bd2 d5 25. Ne3 Nf6 26. a5 Nbd7 27. Nc7 d4 28.
Nc4 Ra7 29. Ne6 Qe7 30. Nxg7 Kxg7 31. e3 e4 32. exd4 cxd4 33. Bf4 d3 34. Qc3 Rc8
35. Qd4 Ra6 36. b4 Rac6 37. Ne3 h6 38. h4 Kh7 39. b5 Rc3 40. b6 Ra3 41. Bd6 Ra4
42. Bxe7 Rxd4 43. Bxf6 Nxf6 44. b7 Rb8 45. Rdc1 d2 46. Rc7+ Nd7 47. a6 {Black
resigns} 1-0

[Event "Team 45 45 League T61"]
[Site "Internet Chess Club"]
[Date "2014.07.09"]
[Round "6"]
[White "patito09"]
[Black "jjimalo"]
[Result "1/2-1/2"]
[WhiteElo "1852"]
[BlackElo "1923"]
[Opening "Queen's pawn game"]
[ECO "A46"]
[Time "13:00:13"]
[TimeControl "2700+45"]

1. d4 Nf6 2. Nf3 e6 3. g3 c5 4. c3 Nc6 5. Bg2 d5 6. O-O Be7 7. Nbd2 O-O 8. dxc5
Bxc5 9. Nb3 Be7 10. Be3 b6 11. Nfd4 Bb7 12. Nxc6 Bxc6 13. Nd4 Bb7 14. c4 Qd7 15.
cxd5 Bxd5 16. Nf3 Rfd8 17. Bf4 Qb7 18. Qa4 Rac8 19. Rac1 Nd7 20. Rxc8 Rxc8 {Game
drawn by mutual agreement} 1/2-1/2

[Event "Team 45 45 League T61"]
[Site "Internet Chess Club"]
[Date "2014.07.12"]
[Round "6"]
[White "junard"]
[Black "RobertStephen"]
[Result "0-1"]
[WhiteElo "2026"]
[BlackElo "1973"]
[Opening "Queen's pawn game, Darooha variation "]
[ECO "D02"]
[Time "17:02:58"]
[TimeControl "2700+45"]

1. d4 d5 2. Nf3 Nf6 3. c4 e6 4. cxd5 exd5 5. Nc3 c6 6. Bg5 Bb4 7. Nd2 h6 8. Bh4
Nbd7 9. e3 O-O 10. Bd3 Qa5 11. Qc2 Re8 12. O-O Bd6 13. Rac1 Ng4 14. Nf3 Ngf6 15.
Rfe1 b6 16. a3 Ba6 17. Bf5 Bb7 18. b4 Qxa3 19. Ra1 Qxb4 20. Reb1 Bxh2+ 21. Kxh2
Qd6+ 22. Bg3 Qe7 23. Bh4 Qd6+ 24. Kg1 Bc8 25. Bg3 Qe7 26. Bh4 Qd6 27. Na4 Ne4
28. Bxe4 dxe4 29. Nd2 Qg6 30. Nc3 Bb7 31. Bg3 c5 32. dxc5 Nxc5 33. Nb5 Ba6 34.
Rxa6 Nxa6 35. Qa2 Red8 36. Qxa6 Rxd2 37. Qb7 Rad8 38. Nd4 a5 39. Bc7 R8xd4 40.
exd4 e3 41. Rc1 exf2+ 42. Kh1 Qh5+ 43. Bh2 Qd1+ {White resigns} 0-1

[Event "Team 45 45 League T61"]
[Site "Internet Chess Club"]
[Date "2014.07.05"]
[Round "6"]
[White "willhelm"]
[Black "cyborg86"]
[Result "0-1"]
[WhiteElo "1889"]
[BlackElo "1970"]
[Opening "Queen's pawn"]
[ECO "A40"]
[Time "10:01:20"]
[TimeControl "2700+45"]

1. d4 e6 2. Nf3 Nf6 3. Bf4 c5 4. e3 Nc6 5. c3 d5 6. h3 Be7 7. Bd3 O-O 8. O-O Qb6
9. Qb3 c4 10. Qxb6 axb6 11. Bc2 b5 12. Nbd2 b4 13. e4 b5 14. Ne5 Bb7 15. Bg5
Rfe8 16. Bxf6 Bxf6 17. Nxc6 Bxc6 18. e5 Be7 19. cxb4 Bxb4 20. Nf3 Be7 21. b3
Rec8 22. Rfb1 b4 23. Ne1 f6 24. f4 fxe5 25. fxe5 Bg5 26. Kf2 Bd2 27. a4 bxa3 28.
Ra2 Bc3 29. bxc4 Bxd4+ {White resigns} 0-1

[Event "Team 45 45 League T61"]
[Site "Internet Chess Club"]
[Date "2014.07.05"]
[Round "6"]
[White "tamtu"]
[Black "Baspofsky"]
[Result "1-0"]
[WhiteElo "2022"]
[BlackElo "1889"]
[Opening "QGD: exchange, positional line"]
[ECO "D35"]
[Time "02:06:12"]
[TimeControl "2700+45"]

1. d4 Nf6 2. c4 e6 3. Nc3 d5 4. cxd5 exd5 5. Bg5 Be7 6. e3 c6 7. Bd3 Nbd7 8. Qc2
O-O 9. Nf3 Re8 10. h3 Nf8 11. O-O g6 12. Bf4 Ne6 13. Bh2 Ng7 14. Rab1 a5 15. a3
Bf5 16. Rfc1 Bxd3 17. Qxd3 Ne4 18. Nxe4 dxe4 19. Qxe4 Bxa3 20. Qc2 Bb4 21. Qb3
Ne6 22. Ne5 Qe7 23. Nd3 Bd6 24. Bxd6 Qxd6 25. Qxb7 Nxd4 26. exd4 Qxd4 27. Rd1
Rab8 28. Qxc6 Re4 29. Nc5 Qc4 {Black resigns} 1-0